 Dungeon Crawl Stone Soup version 0.28-a0-973-ga7f8b01127 (webtiles) character file.

Game seed: 16670426044594439459

633769 ytrimaz the Conqueror (level 27, -3/249 HPs)
             Began as a Formicid Fighter on Dec 1, 2021.
             Was a Follower of Ashenzari.
             Slain by Zuzeosof's ghost (12 damage)
             ... on level 2 of the Crypt on Dec 2, 2021.
             The game lasted 02:15:43 (66624 turns).

ytrimaz the Conqueror (Formicid Fighter)           Turns: 66624, Time: 02:15:43

Health: -3/249     AC: 58    Str: 46    XL:     27
Magic:  33/33      EV: 13    Int:  6    God:    Ashenzari [*.....]
Gold:   6932       SH: 21    Dex:  5    Spells: 26/26 levels left

rFire   . . .      SeeInvis +   M - +9 executioner's axe (protect)
rCold   + + +      Faith    .   y - +5 tower shield {AC+3}
rNeg    + + +      Spirit   .   C - +15 Maxwell's patent armour {-Cast -Tele rElec Will+ rCorr}
rPois   +          Reflect  .   (helmet unavailable)
rElec   +          Harm     .   k - +2 cloak "Eternal Together" {Will+, Self, Comp} (curse)
rCorr   +          Rampage  .   V - +2 pair of gloves "Behold Eternity" {Str+5, Comp, Cun} (curse)
Will    +++++      NoCast   +   t - +2 pair of boots {Stlth+}
Stlth   ..........              N - amulet of Zalewuic {RegenMP Drain rF+ Will+ Slay+2}
HPRegen 0.51/turn               n - ring of Lust {Drain rPois rF- rC+++ Str+6}
MPRegen 0.63/turn               w - ring "Foss" {rN+++ Will+ Dex-5 SInv Stlth-}

@: under a protective aura, studying Summonings
A: permanent stasis, dig shafts and tunnels, antennae 3, four strong arms, claws
1, dopey 1, sense surroundings 1, screaming 1, wild magic 1
}: 5/15 runes: decaying, slimy, silver, abyssal, gossamer
a: Dig, Shaft Self, Renounce Religion, Shatter the Chains


You were on level 2 of the Crypt.
You worshipped Ashenzari.
Ashenzari was aware of your devotion.
You visited 12 branches of the dungeon, and saw 55 of its levels.
You visited the Abyss 1 time.
You visited 1 ziggurat, and saw 9 of its levels.
You also visited: Wizlab.

You collected 9493 gold pieces.
You spent 2561 gold pieces at shops.

Inventory:

Hand Weapons
 F - the +8 broad axe of Wualy {flame, rC+ Dex+2}
   (Okawaru gifted it to you on level 12 of the Dungeon)

   It burns those it strikes, dealing additional fire damage.
   Big, fiery blades are also staple armaments of hydra-hunters.
   Dex:       It affects your dexterity (+2).
   rC:        It protects you from cold.
 M - a +9 executioner's axe of protection (weapon)
 P - the +6 broad axe of Fury {drain, rF++}
   (You found it on level 1 of the Spider Nest)

   A truly terrible weapon, it drains the life of any living foe it strikes.
   rF:        It greatly protects you from fire.
 Q - the +11 battleaxe of Ointment {vorpal, Dex+4}
   (Okawaru gifted it to you on level 4 of the Spider Nest)

   It inflicts extra damage upon your enemies.
   Dex:       It affects your dexterity (+4).
 R - the +10 dark maul {vorpal}
   (You found it on level 5 of the Pits of Slime)

   It inflicts extra damage upon your enemies.
Armour
 k - the cursed +2 cloak "Eternal Together" (worn) {Will+, Self, Comp}
   (You found it on level 5 of the Vaults)

   It has a curse which improves the following skills: Introspection: Fighting
   and Spellcasting.
   Companions: Summonings and Necromancy.
 t - a +2 pair of boots of stealth (worn)
 y - a +5 tower shield of protection (worn)
 C - the +15 Maxwell's patent armour (worn) {-Cast -Tele rElec Will+ rCorr}
   (Okawaru gifted it to you on level 14 of the Dungeon)

   rElec:     It insulates you from electricity.
   -Cast:     It prevents spellcasting.
   -Tele:     It prevents most forms of teleportation.
   rCorr:     It protects you from acid and corrosion.
   Will:      It increases your willpower.
 G - a +2 kite shield of reflection
 I - the +1 kite shield of Qetuk {Slay+5}
   (Okawaru gifted it to you on level 13 of the Dungeon)

   Slay:      It affects your accuracy & damage with ranged weapons and melee
   (+5).
 V - the cursed +2 pair of gloves "Behold Eternity" (worn) {Str+5, Comp, Cun}
   (Okawaru gifted it to you on level 3 of the Elven Halls)

   Str:       It affects your strength (+5).
   It has a curse which improves the following skills: Companions: Summonings
   and Necromancy.
   Cunning:   Dodging and Stealth.
Jewellery
 c - a ring of willpower
 n - the ring of Lust (left hand) {Drain rPois rF- rC+++ Str+6}
   (You found it on level 6 of the Lair of Beasts)

   [ring of strength]

   Str:       It affects your strength (+6).
   rF:        It makes you vulnerable to fire.
   rC:        It renders you almost immune to cold.
   rPois:     It protects you from poison.
   Drain:     It drains your maximum health when unequipped.
 w - the ring "Foss" (right hand) {rN+++ Will+ Dex-5 SInv Stlth-}
   (You acquired it on level 13 of the Dungeon)

   [ring of willpower]

   Dex:       It affects your dexterity (-5).
   rN:        It renders you almost immune to negative energy.
   SInv:      It lets you see invisible.
   Will:      It increases your willpower.
   Stlth:     It makes you less stealthy.
 D - an amulet of regeneration
 E - the macabre finger necklace {rN+}
   (You bought it in a shop on level 4 of the Depths)

   [amulet of nothing]

   It enables you to equip an extra ring.
   rN:        It protects you from negative energy.
 N - the amulet of Zalewuic (around neck) {RegenMP Drain rF+ Will+ Slay+2}
   (You found it on level 5 of the Pits of Slime)

   [amulet of magic regeneration]

   It increases your rate of magic regeneration.
   Slay:      It affects your accuracy & damage with ranged weapons and melee
   (+2).
   rF:        It protects you from fire.
   Drain:     It drains your maximum health when unequipped.
   Will:      It increases your willpower.
 S - a +6 ring of strength
 W - the necklace of Bloodlust {*Rage Will++ Int-3 Slay+6}
   (You found it on level 5 of the Pits of Slime)

   [amulet of nothing]

   It extends the wearer's berserk rage when killing foes.
   Int:       It affects your intelligence (-3).
   Slay:      It affects your accuracy & damage with ranged weapons and melee
   (+6).
   *Rage:     It berserks you when you make melee attacks (+50% chance).
   Will:      It greatly increases your willpower.
 X - the ring of Rom Ixi {rPois AC+4}
   (You found it on level 5 of the Vaults)

   [ring of protection]

   AC:        It affects your AC (+4).
   rPois:     It protects you from poison.
Wands
 d - a wand of iceblast (53) (quivered)
 h - a wand of acid (22)
 l - a wand of mindburst (28)
 v - a wand of digging (16)
 x - a wand of flame (42)
 A - a wand of polymorph (15)
 B - a wand of paralysis (42)
Scrolls
 a - 13 scrolls of fog
 g - 6 scrolls of amnesia
 o - 6 scrolls of silence
 p - 9 scrolls of noise
 r - 3 scrolls of enchant weapon
 H - a scroll of acquirement
 O - 9 scrolls of fear
 T - a scroll of summoning
 U - 5 scrolls of identify
 Y - 5 scrolls of magic mapping
 Z - 3 scrolls of holy word
Potions
 b - 9 potions of ambrosia
 e - 4 potions of resistance
 f - 11 potions of cancellation
 i - 3 potions of invisibility
 m - 6 potions of magic
 q - 12 potions of attraction
 s - 12 potions of brilliance
 u - 7 potions of flight
 J - a potion of might
 K - 8 potions of lignification
 L - 12 potions of curing


   Skills:
 O Level 27 Fighting
 - Level 24.0 Axes
 - Level 0.4(15.9) Maces & Flails
 - Level 5.1 Throwing
 * Level 24.1 Armour
 * Level 16.5(17.4) Dodging
 - Level 15.0 Shields
 - Level 0.3(0.9) Necromancy
 - Level 13.6 Invocations
 - Level 16.0 Evocations


You had 26 spell levels left.
You didn't know any spells.
Your spell library contained the following spells:

 Spells                   Type           Power      Damage    Failure   Level
 Animate Skeleton         Necr           2%         N/A       67%         1
 Pain                     Necr           4%         1d4       67%         1
 Summon Small Mammal      Summ           0%         N/A       78%         1
 Freeze                   Ice            0%         1d3       80%         1
 Magic Dart               Conj           0%         1d3       80%         1
 Sandblast                Erth           0%         2d4       80%         1
 Shock                    Conj/Air       0%         1d3       80%         1
 Slow                     Hex            0%         N/A       80%         1
 Sting                    Tmut/Pois      0%         1d3       80%         1
 Corpse Rot               Necr/Air       0%         N/A       86%         2
 Call Imp                 Summ           0%         N/A       88%         2
 Ensorcelled Hibernation  Hex/Ice        0%         N/A       90%         2
 Passwall                 Tmut/Erth      0%         N/A       90%         2
 Poisonous Vapours        Pois/Air       0%         N/A       90%         2
 Vampiric Draining        Necr           1%         2d6       95%         3
 Call Canine Familiar     Summ           0%         N/A       98%         3
 Conjure Flame            Conj/Fire      0%         6-21      98%         3
 Dazzling Flash           Conj/Hex       0%         N/A       98%         3
 Frozen Ramparts          Ice            0%         1d2       98%         3
 Ignite Poison            Fire/Tmut/Pois 0%         N/A       98%         3
 Inner Flame              Hex/Fire       0%         N/A       98%         3
 Mephitic Cloud           Conj/Pois/Air  0%         N/A       98%         3
 Ozocubu's Armour         Ice            0%         N/A       98%         3
 Portal Projectile        Hex/Tloc       0%         N/A       98%         3
 Stone Arrow              Conj/Erth      0%         3d7       98%         3
 Summon Guardian Golem    Hex/Summ       0%         N/A       98%         3
 Tukima's Dance           Hex            0%         N/A       98%         3
 Airstrike                Air            0%         N/A       100%        4
 Animate Dead             Necr           0%         N/A       100%        4
 Cause Fear               Hex            0%         N/A       100%        4
 Flame Wave               Conj/Fire      0%         2d4       100%        4
 Fulminant Prism          Conj/Hex       0%         3d6       100%        4
 Hailstorm                Conj/Ice       0%         3d3       100%        4
 Ice Form                 Ice/Tmut       0%         N/A       100%        4
 Iskenderun's Mystic Bla  Conj/Tloc      0%         2d3       100%        4
 Leda's Liquefaction      Hex/Erth       0%         N/A       100%        4
 Olgreb's Toxic Radiance  Pois           0%         N/A       100%        4
 Petrify                  Tmut/Erth      0%         N/A       100%        4
 Sticky Flame             Conj/Fire      0%         2d3       100%        4
 Summon Lightning Spire   Summ/Air       0%         N/A       100%        4
 Borgnjor's Vile Clutch   Necr/Erth      0%         N/A       100%        5
 Freezing Cloud           Conj/Ice/Air   0%         6-21      100%        5
 Iskenderun's Battlesphe  Conj           0%         2d6       100%        5
 Lee's Rapid Deconstruct  Erth           0%         3d5*      100%        5
 Lightning Bolt           Conj/Air       0%         1d11      100%        5
 Manifold Assault         Tloc           0%         N/A       100%        5
 Metabolic Englaciation   Hex/Ice        0%         N/A       100%        5
 Summon Forest            Summ/Tloc      0%         N/A       100%        5
 Death Channel            Necr           0%         N/A       100%        6
 Eringya's Noxious Bog    Tmut/Pois      0%         N/A       100%        6
 Iron Shot                Conj/Erth      0%         9d1       100%        6
 Simulacrum               Ice/Necr       0%         N/A       100%        6
 Starburst                Conj/Fire      0%         6d3       100%        6
 Statue Form              Tmut/Erth      0%         N/A       100%        6
 Dragon Form              Tmut           0%         N/A       100%        7
 Orb of Destruction       Conj           0%         N/A       100%        7
 Ozocubu's Refrigeration  Ice            0%         4d5       100%        7
 Spellforged Servitor     Conj/Summ      0%         N/A       100%        7
 Storm Form               Tmut/Air       0%         N/A       100%        7
 Summon Hydra             Summ           0%         N/A       100%        7
 Discord                  Hex            0%         N/A       100%        8
 Chain Lightning          Conj/Air       0%         N/A       100%        9
 Dragon's Call            Summ           0%         N/A       100%        9
 Fire Storm               Conj/Fire      0%         5d1       100%        9
 Polar Vortex             Ice            0%         N/A       100%        9
 Shatter                  Erth           0%         3d5*      100%        9
 Blink                    Tloc           Unusable   N/A       N/A         2
 Swiftness                Air            Unusable   N/A       N/A         3

Dungeon Overview and Level Annotations

Branches:
Dungeon (15/15)            Temple (1/1) D:5            Lair (6/6) D:10
  Swamp (4/4) Lair:2       Spider (4/4) Lair:4        Slime (5/5) Lair:5
    Orc (2/2) D:10            Elf (3/3) Orc:2        Vaults (5/5) D:14
  Crypt (2/3) Vaults:2     Depths (4/4) D:15            Zot (4/5) Depths:4
 WizLab (visited)

Altars:
Ashenzari
Cheibriados
Dithmenos
Elyvilon
Fedhas
Gozag
Hepliaklqana
Kikubaaqudgha
Makhleb
Nemelex Xobeh
Okawaru
Qazlal
Ru
Sif Muna
Trog
Uskayaw
Vehumet
Wu Jian
Xom
Yredelemnul
Zin
The Shining One
Beogh
Lugonu

Shops:
D:15 ?   Orc:2 :(!!   Elf:1 **[:[   Elf:2 (([   Vaults:2 :   Vaults:5 :
Depths:1 *   Depths:4 ::=

Portals:
Hell: Lair:6 Depths:1 Depths:2 Depths:3 Depths:4
Abyss: Depths:2 Depths:3
Pandemonium: Depths:2
Trove: Depths:1 (give 2 scrolls of acquirement)

Annotations:
Lair:2 2 transporters, a11behringer's ghost, journeyman GrBe
Crypt:2 Kucw's ghost, adept GrFi; Zuzeosof's ghost, adept GrFi


Innate Abilities, Weirdness & Mutations

You cannot be hasted, slowed, berserked, paralysed or teleported.
You can dig through walls and to a lower floor.
You have a pair of large antennae on your head. (SInv)
Your four strong arms can wield two-handed weapons with a shield.
You have sharp fingernails.
You are dopey. (Int -2)
You passively map a small area around you.
You occasionally shout uncontrollably at your foes.
Your spells are a little harder to cast, but a little more powerful.


Message History

You slice Paets's ghost!!
You destroy Paets's ghost!
You hit Zuzeosof's ghost but do no damage.
You closely miss Kucw's ghost. You closely miss Zuzeosof's ghost.
You closely miss Kucw's ghost.
Zuzeosof's ghost hits you but does no damage. x2
Unknown command.
Unknown command.
You barely miss Kucw's ghost.
Kucw's ghost is severely damaged.
You slash Zuzeosof's ghost!
Your Maxwell's patent armour prevents you from hitting Kucw's ghost.
You closely miss Zuzeosof's ghost. You block Kucw's ghost's attack.
Kucw's ghost hits you but does no damage.
Zuzeosof's ghost hits you but does no damage.
You block Zuzeosof's ghost's attack.
You barely miss Kucw's ghost.
Kucw's ghost is almost destroyed.
You completely miss the dart slug zombie.
You closely miss Zuzeosof's ghost. You hit Kucw's ghost but do no damage.
You cut Zuzeosof's ghost into ribbons!!!
Kucw's ghost closely misses you.
Kucw's ghost hits you but does no damage.
You hit Kucw's ghost.
Kucw's ghost is almost destroyed.
You slice Zuzeosof's ghost!! You slash Kucw's ghost!
You barely miss Zuzeosof's ghost. You slice the dart slug zombie!!
You destroy the dart slug zombie!
You block Zuzeosof's ghost's attack. Zuzeosof's ghost barely misses you.
Unknown command.
You slice Kucw's ghost!!
You destroy Kucw's ghost!
You hit Zuzeosof's ghost but do no damage.
You barely miss Kucw's ghost. You closely miss Zuzeosof's ghost.
Kucw's ghost hits you!
* * * LOW HITPOINT WARNING * * *
Zuzeosof's ghost hits you!
* * * LOW HITPOINT WARNING * * *
Zuzeosof's ghost hits you!
You die...

#.......# #..........#.#
###...$...# #.<#.........#
*
..........##*#..#.....#.#
, #..))...>####...=.....#
.##..))................##
** *
.....).)..................
,
.##.......'''''''')'......
,*#####...'++++WWW)'.(.###
, * #...' +'''@'''...# * *
#...' +|..)'''...# #...'
+)!.)'+'...#
#...'+'$?:.'+'..... ,
#...'++=).(++'..... *
##..'


+++++'+ ..... , #..' +++ + ..... ### ###..'''''' ' ,, , ..# #.......... , , ,
You could see Kucw's ghost and 2 Zuzeosof's ghosts.

Vanquished Creatures
  Dissolution (Slime:3)
  the Royal Jelly (Arena)
  A dread lich (Depths:1)
  An ancient lich (Depths:1)
  A pandemonium lord (Zig:3)
  A juggernaut (Depths:3)
  Xtahua (Crypt:1)
  A shard shrike (Zig:6)
  The ghost of Woadakig the Executioner, a veteran FoFi of Dithmenos (Crypt:2)
  A curse toe (Zot:3)
  4 caustic shrikes
  The ghost of Vailuoroe the Devastator, a veteran GrEE of Lugonu (Crypt:2)
  8 golden dragons
  Nikola (Depths:2)
  Arachne (Spider:3)
  5 bone dragons
  A Tzitzimitl (Zig:7)
  2 electric golems (Zot:1)
  The ghost of Paets the Warrior, an adept GrFi of Cheibriados (Crypt:2)
  The ghost of Kucw the Warrior, an adept GrFi of Cheibriados (Crypt:2)
  2 doom hounds (Zig:7)
  An iron giant (Zig:5)
  An Ice Fiend (Zig:6)
  A tainted leviathan (Zig:7)
  13 titans
  Mlioglotl (Spider:2)
  3 liches (Depths:3)
  20 tentacled monstrosities
  13 quicksilver dragons
  9 deep elf blademasters
  A walking divine tome (Depths:3)
  Frances (D:13)
  21 acid blobs
  4 ancient champions
  10 deep elf master archers
  A walking frostbound tome (Depths:3)
  10 death cobs
  13 sphinxes
  The ghost of Kuwn the Executioner, an adept MiBe of Trog (Elf:1)
  14 storm dragons
  10 shadow dragons
  8 tengu reavers
  The ghost of Foxy the Blocker, an adept DgAE (Depths:1)
  Donald (Swamp:1)
  8 rockslimes
  The ghost of Jomugh the Phalangite, an adept MfAM of Okawaru (Spider:2)
  8 azure jellies
  4 draconian knights
  2 draconian monks
  2 revenants
  A fenstrider witch (Swamp:4)
  14 fire giants
  A nargun (Zig:6)
  7 ghost moths
  2 draconian scorchers (Zot:3)
  11 emperor scorpions
  3 iron dragons
  A balrug (Depths:1)
  21 vault wardens
  17 frost giants
  3 draconian stormcallers
  2 cacodemons (Elf:1)
  2 curse skulls
  7 deep elf sorcerers
  4 juggernaut zombies
  A caustic shrike zombie (D:15)
  4 draconian shifters
  3 draconian annihilators
  2 spectral juggernauts (Depths:1)
  4 deep elf elementalists (Elf:3)
  10 quicksilver oozes
  A ghoul (Zig:9)
  A reaper (Crypt:2)
  A demonspawn corrupter (Zig:3)
  25 stone giants
  5 war gargoyles
  14 ironbound preservers
  8 vampire knights
  5 deep elf demonologists
  7 eleionomae
  6 entropy weavers
  18 very ugly things
  7 green draconians
  A spectral titan (Depths:1)
  A putrid mouth (Zig:7)
  10 black draconians
  A wendigo (Zig:6)
  2 deep elf annihilators (Elf:3)
  2 bunyips
  12 yellow draconians
  6 white draconians
  8 dire elephants
  8 red draconians
  4 eidola
  16 spark wasps
  Snorg (Orc:1)
  8 purple draconians
  13 ettins
  2 crystal guardians
  2 iron golems (Zig:5)
  A blizzard demon (Zig:6)
  5 deep elf high priests
  Josephine (Spider:1)
  12 deep elf death magi
  2 shambling mangroves
  5 great orbs of eyes
  A jiangshi (Crypt:1)
  Erolcha (Orc:2)
  4 rakshasas
  4 fire dragons
  7 ice dragons
  Harold (D:7)
  3 ironbound thunderhulks
  33 hydras
  38 vault guards
  4 yaktaur captains
  A spriggan air mage (Swamp:1)
  2 catoblepae
  4 ironbound frosthearts
  3 ogre magi (Vaults:5)
  3 peacekeepers
  2 hell beasts
  7 boulder beetles
  A death knight (D:14)
  Erica (D:11)
  A ghost crab (Swamp:3)
  11 alligators
  5 two-headed ogres
  19 centaur warriors
  28 dancing weapons
  18 death yaks
  6 vampire magi
  6 deep troll earth magi
  5 deep troll shamans
  6 spriggan berserkers
  2 titan zombies
  An orc high priest (Elf:3)
  5 tengu warriors
  4 thrashing horrors
  2 shock serpents (shapeshifter) (Vaults:5)
  A sun demon (Depths:4)
  16 deep elf knights
  A crystal echidna (Zig:5)
  Nergalle (Lair:1)
  8 skeletal warriors
  Sonja (Lair:6)
  8 iron trolls
  22 hell knights
  2 soul eaters
  An iron troll (shapeshifter) (Zig:1)
  A fire crab (D:14)
  7 goliath frogs
  2 wretched stars (Abyss:3)
  4 shadow wraiths
  A sea snake (shapeshifter) (Elf:1)
  5 spriggan druids
  A quicksilver dragon simulacrum (Depths:1)
  6 glowing orange brains
  A shadow demon (Abyss:3)
  11 flayed ghosts
  49 deep trolls
  A storm dragon skeleton (Crypt:1)
  7 bog bodies
  22 ironbound convokers
  An obsidian statue (Zig:6)
  7 wizards
  3 orc knights
  11 deep elf archers
  9 lindwurms
  7 phantasmal warriors
  8 necromancers
  9 harpies
  9 swamp dragons
  2 oklob plants (Lair:3)
  A sphinx zombie (D:15)
  11 orc sorcerers
  35 ugly things
  A stone giant zombie (Depths:1)
  36 deep elf pyromancers
  26 wolf spiders
  39 deep elf zephyrmancers
  22 orb spiders
  11 cyclopes
  A cyclops (shapeshifter) (Elf:1)
  2 human skeletons (Vaults:1)
  9 shining eyes
  30 moths of wrath
  A salamander (shapeshifter) (D:13)
  An apocalypse crab (Abyss:3)
  5 will-o-the-wisps
  A manticore (D:14)
  3 black mambas
  14 vault sentinels
  A guardian serpent (Depths:1)
  13 elephants
  2 eyes of devastation (Slime:3)
  2 titan simulacra (Depths:1)
  2 ice statues (Zig:6)
  A shock serpent skeleton (Crypt:1)
  3 smoke demons
  2 unseen horrors
  A torpor snail (shapeshifter) (Vaults:5)
  A storm dragon simulacrum (Vaults:4)
  5 torpor snails
  A black draconian zombie (Crypt:1)
  2 rime drakes (shapeshifter) (Elf:1)
  12 cane toads
  3 gargoyles
  4 kobold demonologists
  7 rime drakes
  3 orange demons
  Maggie (D:7)
  29 yaktaurs
  An elephant slug zombie (Crypt:1)
  4 efreet
  11 komodo dragons
  2 tormentors
  A grey draconian skeleton (Crypt:2)
  2 ice devils (Lair:6)
  7 freezing wraiths
  A guardian mummy (D:15)
  22 demonic crawlers
  A minotaur skeleton (Crypt:2)
  A red devil (Lair:6)
  6 tengu conjurers
  8 polar bears
  A queen bee (Abyss:3)
  2 ancient zymes (Abyss:3)
  22 jumping spiders
  7 trolls
  A meliai (shapeshifter) (Elf:1)
  5 meliai
  19 blink frogs
  15 hornets
  An ettin zombie (Crypt:1)
  A blink frog (shapeshifter) (Elf:1)
  10 tyrant leeches
  79 slime creatures
  5 raiju
  3 dream sheep (Lair:6)
  3 stone giant simulacra (Depths:1)
  A meliai zombie (D:10)
  A human simulacrum (Vaults:1)
  4 flying skulls (Crypt:1)
  3 air elementals
  8 water elementals
  A shadow (D:11)
  4 spriggans
  A vampire (D:11)
  A ynoxinul (Abyss:3)
  28 tarantellas
  13 wraiths
  102 redbacks
  A tarantella (shapeshifter) (Elf:1)
  6 wyverns
  3 small abominations
  53 yaks
  5 basilisks
  3 fire elementals
  9 vampire mosquitoes (D:14)
  5 golden eyes (Slime:2)
  A chaos spawn (Depths:2)
  3 steam dragons
  9 wargs
  12 swamp worms
  14 water moccasins
  5 hell hounds (Lair:6)
  An acid dragon (D:12)
  3 floating eyes
  20 orc warriors
  5 black bears
  A large abomination (Abyss:1)
  A black bear (shapeshifter) (Elf:1)
  5 swamp drakes (Swamp:4)
  3 boggarts (D:14)
  12 wolves
  6 ogres
  13 centaurs
  A snapping turtle skeleton (Crypt:1)
  A phantom (D:4)
  6 kobold brigands
  A rime drake skeleton (Crypt:2)
  17 bullfrogs
  A gnoll sergeant (D:13)
  An earth elemental (Elf:3)
  5 scorpions
  A water moccasin skeleton (D:6)
  A tengu zombie (D:15)
  3 wights (D:8)
  10 killer bees
  2 electric eels (Spider:1)
  3 howler monkeys
  3 vampire bats (D:3)
  4 centaur zombies
  6 jellies
  9 orc priests
  Crazy Yiuf (D:3)
  3 hounds
  An iron imp (Abyss:1)
  5 iguanas
  A gnoll shaman (D:4)
  A scorpion zombie (D:5)
  36 orc wizards
  A hell rat (Lair:3)
  Robin (D:2)
  3 howler monkey zombies
  7 gnolls
  6 adders
  A shadow imp (D:6)
  2 white imps
  An ufetubus (D:5)
  A halfling zombie (Crypt:1)
  2 adder skeletons
  4 dart slugs
  72 orcs
  3 bats
  3 bat skeletons (D:3)
  2 bat zombies (D:3)
  8 endoplasms
  2 giant cockroaches
  10 goblins
  10 hobgoblins
  A jackal (D:5)
  2 quokkas (D:5)
  3 ball pythons
  A ball python skeleton (Crypt:1)
  A dart slug zombie (Crypt:2)
  2 frilled lizards (D:2)
  A jackal skeleton (Crypt:1)
  32 kobolds
  8 rats
2309 creatures vanquished.

Vanquished Creatures (others)
  An ettin (Depths:2)
  A vault guard (Vaults:5)
  A hell knight (Vaults:5)
  A deep elf archer (Elf:3)
  A wizard (Vaults:3)
  A deep elf zephyrmancer (Elf:2)
  An obsidian statue (Zig:6)
  A jumping spider (Spider:4)
  3 bloated husks
  3 hornets (Swamp:4)
  A raiju (Abyss:3)
  A redback (Spider:1)
  A fire elemental (Elf:1)
  2 orc wizards (Orc:2)
  An orc (D:7)
  14 foxfires
  38 fungi
  33 plants
  3 withered plants (D:15)
108 creatures vanquished.

Grand Total: 2417 creatures vanquished

Notes
Turn   | Place    | Note
-------+----------+-------------------------------------------
     0 | D:1      | ytrimaz the Formicid Fighter began the quest for the Orb.
     0 | D:1      | Reached XP level 1. HP: 18/18 MP: 1/1
    74 | D:1      | Reached XP level 2. HP: 24/24 MP: 2/2
   661 | D:1      | Reached XP level 3. HP: 6/30 MP: 3/3
   997 | D:2      | Noticed Robin
  1015 | D:2      | Killed Robin
  1016 | D:2      | Reached XP level 4. HP: 18/37 MP: 4/4
  1246 | D:2      | Found a faded altar of an unknown god.
  1297 | D:2      | Found a shimmering altar of Xom.
  2008 | D:3      | Found an ancient bone altar of Kikubaaqudgha.
  2016 | D:3      | Reached skill level 4 in Fighting
  2016 | D:3      | Reached XP level 5. HP: 29/40 MP: 5/5
  2039 | D:3      | Reached XP level 6. HP: 33/48 MP: 6/6
  2360 | D:3      | Found a runed translucent door.
  2361 | D:3      | Noticed Crazy Yiuf
  2367 | D:3      | Killed Crazy Yiuf
  2789 | D:4      | Reached skill level 5 in Axes
  3055 | D:4      | Reached skill level 5 in Armour
  3055 | D:4      | Reached XP level 7. HP: 53/55 MP: 7/7
  3647 | D:5      | Entered Level 5 of the Dungeon
  3655 | D:5      | Found an ornate altar of the Wu Jian Council.
  3687 | D:5      | Found a staircase to the Ecumenical Temple.
  3716 | Temple   | Entered the Ecumenical Temple
  3918 | Temple   | Became a worshipper of Warmaster Okawaru
  4285 | D:5      | Reached skill level 1 in Invocations
  4397 | D:5      | Found a hide-covered altar of Uskayaw.
  4484 | D:5      | Reached XP level 8. HP: 55/61 MP: 7/9
  4566 | D:5      | Found a snail-covered altar of Cheibriados.
  4759 | D:5      | Found a sacrificial altar of Ru.
  5028 | D:5      | Reached * piety under Okawaru
  5029 | D:5      | Reached skill level 5 in Fighting
  5455 | D:6      | Reached skill level 5 in Shields
  5455 | D:6      | Reached XP level 9. HP: 63/68 MP: 11/11
  5517 | D:6      | Reached ** piety under Okawaru
  5872 | D:7      | Noticed a kobold demonologist
  6080 | D:7      | Noticed a rust devil
  6081 | D:7      | Killed a kobold demonologist
  6701 | D:7      | Found an opulent altar of Gozag.
  6714 | D:7      | Reached *** piety under Okawaru
  6908 | D:7      | Reached skill level 5 in Invocations
  6947 | D:7      | Noticed Harold
  6949 | D:7      | Noticed Maggie
  6956 | D:7      | Reached XP level 10. HP: 35/76 MP: 10/13
  6961 | D:7      | Killed Harold
  6962 | D:7      | Reached skill level 6 in Fighting
  6979 | D:7      | Killed Maggie
  6979 | D:7      | Reached **** piety under Okawaru
  7390 | D:8      | Found a shadowy altar of Dithmenos.
  7399 | D:8      | Noticed a boulder beetle
  7428 | D:8      | Killed a boulder beetle
  8125 | D:8      | Reached skill level 10 in Axes
  8944 | D:9      | Identified the +7 mace of Midghasou {drain, Dex+2}
  9288 | D:9      | Reached XP level 11. HP: 82/83 MP: 16/16
  9293 | D:9      | Noticed a two-headed ogre
  9302 | D:9      | Killed a two-headed ogre
  9940 | D:10     | Entered Level 10 of the Dungeon
 10015 | D:10     | Reached skill level 7 in Fighting
 10091 | D:10     | Noticed a death yak
 10091 | D:10     | Noticed a death yak
 10099 | D:10     | Noticed a death yak
 10101 | D:10     | Noticed a death yak
 10103 | D:10     | Noticed a death yak
 10104 | D:10     | Noticed a death yak
 10109 | D:10     | Noticed a death yak
 10115 | D:10     | Killed a death yak
 10121 | D:10     | Killed a death yak
 10121 | D:10     | Reached ***** piety under Okawaru
 10131 | D:10     | Killed a death yak
 10137 | D:10     | Killed a death yak
 10140 | D:10     | Killed a death yak
 10152 | D:10     | Killed a death yak
 10153 | D:10     | Received a gift from Okawaru
 10158 | D:10     | Killed a death yak
 10500 | D:10     | Reached XP level 12. HP: 92/92 MP: 18/18
 10563 | D:10     | Reached skill level 8 in Fighting
 11026 | D:10     | Found a shimmering blue altar of Sif Muna.
 11184 | D:10     | HP: 2/94 [orc warrior (11)]
 11566 | D:10     | Found a staircase to the Orcish Mines.
 11722 | D:10     | Found a staircase to the Lair.
 12009 | D:10     | Gained mutation: You are weak. (Str -2) [potion of
                  | mutation]
 12009 | D:10     | Lost mutation: You are weak. (Str -2) [potion of mutation]
 12009 | D:10     | Gained mutation: Potions are less effective at restoring
                  | your health. [potion of mutation]
 12009 | D:10     | Gained mutation: You are partially covered in iridescent
                  | scales. (AC +2) [potion of mutation]
 12010 | D:10     | Lost mutation: Potions are less effective at restoring your
                  | health. [potion of mutation]
 12010 | D:10     | Lost mutation: You are partially covered in iridescent
                  | scales. (AC +2) [potion of mutation]
 12010 | D:10     | Gained mutation: You expend magic power (3 MP) to
                  | strengthen your wands. [potion of mutation]
 12054 | Orc:1    | Entered Level 1 of the Orcish Mines
 12646 | D:11     | HP: 2/94 [vampire (10)]
 12835 | D:11     | Noticed a two-headed ogre
 13107 | D:11     | Received a gift from Okawaru
 13108 | D:11     | Reached skill level 9 in Fighting
 13192 | D:11     | Identified the +8 plate armour of Altruism {rCorr}
 13204 | D:11     | Killed a two-headed ogre
 13560 | D:11     | Noticed Erica
 13570 | D:11     | Killed Erica
 13865 | D:12     | Noticed a two-headed ogre
 13870 | D:12     | Killed a two-headed ogre
 13870 | D:12     | Reached ****** piety under Okawaru
 13871 | D:12     | Reached XP level 13. HP: 101/101 MP: 20/20
 13903 | D:12     | Identified the +8 broad axe of Wualy {flame, rC+ Dex+2}
                  | (Okawaru gifted it to you on level 12 of the Dungeon)
 13903 | D:12     | Received a gift from Okawaru
 14181 | D:12     | Reached skill level 10 in Invocations
 14302 | D:12     | Reached skill level 10 in Fighting
 14727 | D:13     | Noticed a boulder beetle
 14727 | D:13     | Noticed a centaur warrior
 14735 | D:13     | Killed a centaur warrior
 14736 | D:13     | Reached skill level 1 in Dodging
 14743 | D:13     | Killed a boulder beetle
 14932 | D:13     | Identified the +1 kite shield of Qetuk {Slay+5} (Okawaru
                  | gifted it to you on level 13 of the Dungeon)
 14932 | D:13     | Received a gift from Okawaru
 14974 | D:13     | Identified a scroll of acquirement
 15142 | D:13     | Reached skill level 10 in Armour
 15409 | D:13     | Noticed Frances
 15422 | D:13     | Killed Frances
 15423 | D:13     | Reached skill level 11 in Fighting
 15479 | D:13     | Noticed a centaur warrior
 15485 | D:13     | Killed a centaur warrior
 15732 | D:13     | Reached XP level 14. HP: 113/113 MP: 22/22
 15739 | D:13     | Reached skill level 15 in Axes
 15868 | D:14     | HP: 4/113 [efreet/fireball (2)]
 16199 | D:14     | Found a glowing silver altar of Zin.
 16440 | D:14     | Received a gift from Okawaru
 16440 | D:14     | Found the +15 Maxwell's patent armour {-Cast -Tele rElec
                  | Will+ rCorr}
 16485 | D:14     | Reached skill level 12 in Fighting
 16534 | D:14     | Found a gate to the Vaults.
 17088 | D:15     | Entered Level 15 of the Dungeon
 17199 | D:15     | Found a staircase to the Depths.
 17214 | D:15     | Reached XP level 15. HP: 122/122 MP: 22/24
 17348 | D:15     | Reached skill level 13 in Fighting
 17350 | D:15     | Reached skill level 5 in Dodging
 17385 | D:15     | Received a gift from Okawaru
 17578 | D:15     | Identified the +1 leather armour of Ru's Anger {Str+2}
 17755 | D:15     | Found Ebydeohe's Magic Scroll Shoppe.
 17945 | D:15     | Found a basalt altar of Yredelemnul.
 18441 | Orc:1    | Noticed Snorg
 18449 | Orc:1    | Killed Snorg
 18626 | Orc:2    | Entered Level 2 of the Orcish Mines
 18873 | Orc:2    | Found a staircase to the Elven Halls.
 19284 | Orc:2    | Found Katsyg's Book Emporium.
 19304 | Orc:2    | Found a radiant altar of Vehumet.
 19304 | Orc:2    | Noticed Erolcha
 19313 | Orc:2    | Killed Erolcha
 19318 | Orc:2    | Found Riluuf's Antique Weapon Shoppe.
 19335 | Orc:2    | Found an ancient bone altar of Kikubaaqudgha.
 19351 | Orc:2    | Found Qeusosol's Distillery.
 19352 | Orc:2    | Found Silyosav's Distillery.
 19391 | Orc:2    | Reached skill level 14 in Fighting
 19769 | Orc:2    | Bought 2 potions of mutation for 208 gold pieces
 19769 | Orc:2    | Bought a potion of mutation for 104 gold pieces
 19783 | Orc:2    | Bought a potion of heal wounds for 65 gold pieces
 19783 | Orc:2    | Bought 2 potions of might for 104 gold pieces
 19783 | Orc:2    | Bought a potion of mutation for 104 gold pieces
 19797 | Orc:2    | Bought a potion of lignification for 39 gold pieces
 19797 | Orc:2    | Bought a potion of heal wounds for 65 gold pieces
 19797 | Orc:2    | Bought a potion of resistance for 130 gold pieces
 19855 | Orc:2    | Lost mutation: You expend magic power (3 MP) to strengthen
                  | your wands. [potion of mutation]
 19855 | Orc:2    | Gained mutation: You have sharp toenails. [potion of
                  | mutation]
 19856 | Orc:2    | Lost mutation: You have sharp toenails. [potion of
                  | mutation]
 19856 | Orc:2    | Gained mutation: Armour fits poorly on your strangely
                  | shaped body. [potion of mutation]
 19856 | Orc:2    | Gained mutation: You have large cloven feet. [potion of
                  | mutation]
 19856 | Orc:2    | Gained mutation: Your movements are slightly less
                  | encumbered by armour. (ER -2) [potion of mutation]
 19857 | Orc:2    | Lost mutation: You have large cloven feet. [potion of
                  | mutation]
 19857 | Orc:2    | Lost mutation: Your movements are slightly less encumbered
                  | by armour. (ER -2) [potion of mutation]
 19857 | Orc:2    | Lost mutation: Armour fits poorly on your strangely shaped
                  | body. [potion of mutation]
 19857 | Orc:2    | Gained mutation: You have sharp toenails. [potion of
                  | mutation]
 19858 | Orc:2    | Lost mutation: You have sharp toenails. [potion of
                  | mutation]
 19858 | Orc:2    | Gained mutation: Your flesh is cold resistant. (rC+)
                  | [potion of mutation]
 19858 | Orc:2    | Gained mutation: You are partially covered in iridescent
                  | scales. (AC +2) [potion of mutation]
 19858 | Orc:2    | Gained mutation: You expend magic power (3 MP) to
                  | strengthen your wands. [potion of mutation]
 19864 | Elf:1    | Entered Level 1 of the Elven Halls
 19893 | Elf:1    | Found Plog's Assorted Antiques.
 19976 | Elf:1    | Reached XP level 16. HP: 92/133 MP: 25/25
 19981 | Elf:1    | Bought a pair of gloves for 126 gold pieces
 19981 | Elf:1    | Bought a potion of heal wounds for 140 gold pieces
 20046 | Elf:1    | Received a gift from Okawaru
 20065 | Elf:1    | Bought a masterwork arbalest for 266 gold pieces
 20065 | Elf:1    | Identified the +7 arbalest of Mirchy {penet, Int+2 Dex+3}
                  | (You bought it in a shop on level 1 of the Elven Halls)
 20091 | Elf:1    | Found Fuix Rat's Assorted Antiques.
 20106 | Elf:1    | Bought a sparkling wooden ring for 190 gold pieces
 20106 | Elf:1    | Identified the ring of the Thistle {rF- rCorr Str+7} (You
                  | bought it in a shop on level 1 of the Elven Halls)
 20121 | Elf:1    | Found Cuutoagh's Book Shop.
 20233 | Elf:1    | Noticed an Ice Fiend
 20234 | Arena    | Entered the Arena
 20379 | Elf:1    | Found Yluycuck's Antique Armour Shoppe.
 20391 | Elf:1    | Received a gift from Okawaru
 20470 | Elf:1    | Identified the +0 ring mail "Xutuh" {rElec rPois Int+4}
 20783 | Elf:1    | Found Relaic's Antique Armour Emporium.
 20795 | Elf:1    | Bought a pair of glowing gloves for 180 gold pieces
 20861 | Elf:1    | Noticed a deep elf sorcerer
 20868 | Elf:1    | Killed a deep elf sorcerer
 20914 | Elf:1    | Got the Collected Works on Battle Magic
 20977 | Elf:1    | Found a runed translucent gate.
 20978 | Elf:1    | Found a runed translucent gate.
 20978 | Elf:1    | Found a runed translucent gate.
 20979 | Elf:1    | Noticed a tentacled monstrosity
 20982 | Elf:1    | Noticed a tentacled monstrosity
 21139 | Elf:2    | Reached skill level 15 in Fighting
 21141 | Elf:2    | Found a huge runed translucent gate.
 21141 | Elf:2    | Found a huge runed translucent gate.
 21141 | Elf:2    | Found a huge runed translucent gate.
 21144 | Elf:2    | Found a huge runed translucent gate.
 21146 | Elf:2    | Found a huge runed translucent gate.
 21221 | Elf:2    | Noticed a deep elf sorcerer
 21234 | Elf:2    | Killed a deep elf sorcerer
 21310 | Elf:2    | Acquired the ring "Foss" {rN+++ Will+ Dex-5 SInv Stlth-}
 21345 | Elf:2    | Found Attoch's Armour Shoppe.
 21400 | Elf:2    | Found Miepigyf's Antique Weapon Emporium.
 21541 | Elf:2    | Received a gift from Okawaru
 21542 | Elf:2    | Found Risipter's Weapon Shop.
 21808 | Elf:2    | Reached skill level 1 in Evocations
 21834 | Elf:2    | Reached XP level 17. HP: 113/142 MP: 27/27
 22492 | Elf:3    | Entered Level 3 of the Elven Halls
 22593 | Elf:3    | Noticed an Executioner
 22604 | Elf:3    | Noticed a Hell Sentinel
 22677 | Elf:3    | Reached skill level 16 in Fighting
 23007 | Elf:3    | Received a gift from Okawaru
 23560 | Elf:3    | Identified the +10 great mace "Cigulik" {freeze, Will++
                  | Str+5 Stlth-}
 23560 | Elf:3    | Identified the ring "Gagis" {rC+ Int+4 Stlth-}
 23569 | Elf:3    | Gained mutation: You are weak. (Str -2) [a neqoxec]
 23570 | Elf:3    | Noticed a Brimstone Fiend
 23580 | Arena    | Entered the Arena
 23682 | Elf:3    | Noticed a deep elf blademaster
 23687 | Elf:3    | Identified the ring of Vosam {Fly Will+ Int+4 Dex-5}
 23692 | Elf:3    | Noticed a deep elf master archer
 23699 | Elf:3    | Killed a deep elf blademaster
 23702 | Elf:3    | Killed a deep elf master archer
 23706 | Elf:3    | Killed a ghostly deep elf blademaster
 23706 | Elf:3    | Killed a ghostly deep elf master archer
 23707 | Elf:3    | Reached XP level 18. HP: 31/153 MP: 28/28
 23722 | Elf:3    | Reached skill level 17 in Fighting
 23746 | Elf:3    | Reached skill level 5 in Evocations
 23825 | Elf:3    | Identified the +5 helmet of the Nexus {rC+ rCorr}
 23871 | Elf:3    | Noticed a deep elf blademaster
 23888 | Elf:3    | Noticed a deep elf master archer
 23892 | Elf:3    | Killed a deep elf blademaster
 23892 | Elf:3    | Identified the +2 pair of gloves of Absolutism {Str+5}
                  | (Okawaru gifted it to you on level 3 of the Elven Halls)
 23892 | Elf:3    | Received a gift from Okawaru
 23900 | Elf:3    | Killed a deep elf master archer
 23956 | Elf:3    | Identified the +4 great sword of the Vanishing Ears {holy,
                  | rF+ rC+ rCorr}
 24165 | Lair:1   | Entered Level 1 of the Lair of Beasts
 24254 | Lair:1   | Noticed Nergalle
 24259 | Lair:1   | Killed Nergalle
 25232 | Lair:2   | Found a staircase to the Swamp.
 25514 | Lair:2   | Found a transporter.
 25522 | Lair:2   | Noticed a11behringer's ghost (journeyman GrBe)
 25523 | Lair:2   | Found a bloodstained altar of Trog.
 25581 | Lair:2   | Found a transporter.
 25909 | Lair:3   | You fall into a shaft and drop 2 floors!
 26063 | Lair:5   | Found a staircase to the Slime Pits.
 26163 | Lair:5   | Received a gift from Okawaru
 26164 | Lair:5   | Reached skill level 18 in Fighting
 26724 | Lair:6   | Entered Level 6 of the Lair of Beasts
 26879 | Lair:6   | Noticed Sonja
 26897 | Lair:6   | Killed Sonja
 27068 | Lair:6   | Found a burning altar of Makhleb.
 27153 | Lair:6   | Found a gateway to Hell.
 27160 | Lair:6   | Identified the +0 pair of boots "Xacs" {Contam rC+ Stlth+}
 27218 | Lair:6   | Identified the ring of Lust {Drain rPois rF- rC+++ Str+6}
 27330 | Lair:6   | Reached XP level 19. HP: 164/164 MP: 29/29
 27869 | Lair:4   | Found a hole to the Spider Nest.
 28221 | Lair:4   | Acquired 664 gold pieces
 29327 | Swamp:1  | Entered Level 1 of the Swamp
 29327 | Swamp:1  | Noticed a tentacled monstrosity
 29331 | Swamp:1  | Reached skill level 19 in Fighting
 29347 | Swamp:1  | Killed a tentacled monstrosity
 29347 | Swamp:1  | Identified the +4 kite shield of the Komodo Dragon {Drain
                  | rPois rN+ Str+2} (Okawaru gifted it to you on level 1 of
                  | the Swamp)
 29347 | Swamp:1  | Received a gift from Okawaru
 29688 | Swamp:1  | Noticed Donald
 29695 | Swamp:1  | Killed Donald
 30978 | Swamp:4  | Entered Level 4 of the Swamp
 31108 | Swamp:4  | Reached XP level 20. HP: 132/176 MP: 30/30
 31114 | Swamp:4  | Received a gift from Okawaru
 31115 | Swamp:4  | Reached skill level 20 in Fighting
 31217 | Swamp:4  | Reached skill level 10 in Dodging
 31444 | Swamp:4  | Got a decaying rune of Zot
 31811 | Spider:1 | Entered Level 1 of the Spider Nest
 31823 | Spider:1 | Noticed Josephine
 31835 | Spider:1 | Killed Josephine
 32162 | Spider:1 | Identified the +6 broad axe of Fury {drain, rF++}
 32548 | Spider:2 | Noticed Mlioglotl
 32551 | Spider:2 | Received a gift from Okawaru
 32562 | Spider:2 | Killed Mlioglotl
 32721 | Spider:2 | Reached skill level 21 in Fighting
 32759 | Spider:2 | Found a large runed translucent door.
 32760 | Spider:2 | Found a large runed translucent door.
 32831 | Spider:2 | Noticed Jomugh's ghost (adept MfAM)
 32846 | Spider:2 | Killed Jomugh's ghost
 33426 | Spider:3 | Noticed Arachne
 33443 | Spider:3 | Killed Arachne
 33854 | Spider:3 | Reached XP level 21. HP: 186/186 MP: 31/31
 34081 | Spider:3 | Acquired 801 gold pieces
 34538 | Spider:4 | Entered Level 4 of the Spider Nest
 34633 | Spider:4 | Identified the +11 battleaxe of Ointment {vorpal, Dex+4}
                  | (Okawaru gifted it to you on level 4 of the Spider Nest)
 34633 | Spider:4 | Received a gift from Okawaru
 35012 | Spider:4 | Got a gossamer rune of Zot
 35282 | Spider:4 | Reached skill level 22 in Fighting
 35691 | Slime:1  | Entered Level 1 of the Pits of Slime
 35710 | Slime:1  | Reached skill level 10 in Evocations
 35717 | Slime:1  | Gained mutation: Your magical capacity is low. (-10% MP) [a
                  | shining eye]
 35818 | Slime:1  | Reached skill level 15 in Armour
 36222 | Slime:2  | Gained mutation: Armour fits poorly on your strangely
                  | shaped body. [a shining eye]
 36224 | Slime:2  | Gained mutation: You are very weak. (Str -4) [a shining
                  | eye]
 36709 | Slime:3  | Gained mutation: Your body sometimes deteriorates upon
                  | taking damage. [a shining eye]
 36716 | Slime:3  | Gained mutation: Your magical capacity is very low. (-20%
                  | MP) [a shining eye]
 36741 | Slime:3  | Lost mutation: You are very weak. (Str -4) [potion of
                  | mutation]
 36741 | Slime:3  | Lost mutation: You are weak. (Str -2) [potion of mutation]
 36741 | Slime:3  | Gained mutation: You are mostly covered in iridescent
                  | scales. (AC +4) [potion of mutation]
 36741 | Slime:3  | Gained mutation: You are completely covered in iridescent
                  | scales. (AC +6) [potion of mutation]
 36827 | Slime:3  | Noticed Dissolution
 36833 | Slime:3  | Gained mutation: You are frail. (-10% HP) [a shining eye]
 36838 | Slime:3  | Killed Dissolution
 36838 | Slime:3  | Received a gift from Okawaru
 37159 | Slime:4  | Reached XP level 22. HP: 177/178 MP: 25/25
 37408 | Slime:4  | Lost mutation: You are completely covered in iridescent
                  | scales. (AC +6) [potion of mutation]
 37408 | Slime:4  | Lost mutation: Armour fits poorly on your strangely shaped
                  | body. [potion of mutation]
 37408 | Slime:4  | Gained mutation: Your spells are a little harder to cast,
                  | but a little more powerful. [potion of mutation]
 37409 | Slime:4  | Lost mutation: Your spells are a little harder to cast, but
                  | a little more powerful. [potion of mutation]
 37409 | Slime:4  | Lost mutation: Your body sometimes deteriorates upon taking
                  | damage. [potion of mutation]
 37409 | Slime:4  | Gained mutation: You are strong-willed. (Will+) [potion of
                  | mutation]
 37409 | Slime:4  | Gained mutation: You occasionally shout uncontrollably at
                  | your foes. [potion of mutation]
 37409 | Slime:4  | Gained mutation: You are completely covered in iridescent
                  | scales. (AC +6) [potion of mutation]
 37410 | Slime:4  | Lost mutation: Your flesh is cold resistant. (rC+) [potion
                  | of mutation]
 37410 | Slime:4  | Lost mutation: Your magical capacity is very low. (-20% MP)
                  | [potion of mutation]
 37410 | Slime:4  | Lost mutation: You are frail. (-10% HP) [potion of
                  | mutation]
 37410 | Slime:4  | Gained mutation: You possess an exceptional clarity of
                  | mind. [potion of mutation]
 37410 | Slime:4  | Gained mutation: Your flesh is heat resistant. (rF+)
                  | [potion of mutation]
 37410 | Slime:4  | Gained mutation: Your spells are a little harder to cast,
                  | but a little more powerful. [potion of mutation]
 37412 | Slime:5  | Entered Level 5 of the Pits of Slime
 37558 | Slime:5  | Gained mutation: You are weak. (Str -2) [a shining eye]
 37559 | Slime:5  | Gained mutation: You are clumsy. (Dex -2) [a shining eye]
 37561 | Slime:5  | Gained mutation: You do not regenerate when monsters are
                  | visible. [a shining eye]
 37562 | Slime:5  | Gained mutation: You are very weak. (Str -4) [a shining
                  | eye]
 37577 | Slime:5  | Gained mutation: You frequently scream uncontrollably at
                  | your foes. [a shining eye]
 37578 | Slime:5  | Gained mutation: Potions are less effective at restoring
                  | your health. [a shining eye]
 37608 | Slime:5  | Noticed the Royal Jelly
 37615 | Arena    | Entered the Arena
 37624 | Arena    | Killed the Royal Jelly
 37624 | Arena    | Received a gift from Okawaru
 37673 | Slime:5  | Found the necklace of Bloodlust {*Rage Will++ Int-3 Slay+6}
 37676 | Slime:5  | Found the +10 dark maul {vorpal}
 37754 | Slime:5  | Identified the amulet of Zalewuic {RegenMP Drain rF+ Will+
                  | Slay+2}
 37847 | Slime:5  | Identified the +6 quarterstaff of the Sixty-Six Orbs
                  | {flame, Str+3}
 37868 | Slime:5  | Got a slimy rune of Zot
 37926 | Slime:5  | Gained mutation: Armour fits poorly on your strangely
                  | shaped body. [a shining eye]
 37930 | Slime:5  | Gained mutation: You sometimes lose the ability to read
                  | scrolls when taking damage. [a shining eye]
 37932 | Slime:5  | Lost mutation: Your spells are a little harder to cast, but
                  | a little more powerful. [a shining eye]
 38057 | Lair:5   | Lost mutation: Your flesh is heat resistant. (rF+) [potion
                  | of mutation]
 38057 | Lair:5   | Lost mutation: You possess an exceptional clarity of mind.
                  | [potion of mutation]
 38057 | Lair:5   | Lost mutation: You are very weak. (Str -4) [potion of
                  | mutation]
 38057 | Lair:5   | Lost mutation: Your magical capacity is low. (-10% MP)
                  | [potion of mutation]
 38057 | Lair:5   | Lost mutation: You sometimes lose the ability to read
                  | scrolls when taking damage. [potion of mutation]
 38057 | Lair:5   | Lost mutation: You are clumsy. (Dex -2) [potion of
                  | mutation]
 38058 | Lair:5   | Lost mutation: You are completely covered in iridescent
                  | scales. (AC +6) [potion of mutation]
 38058 | Lair:5   | Lost mutation: Armour fits poorly on your strangely shaped
                  | body. [potion of mutation]
 38058 | Lair:5   | Lost mutation: You expend magic power (3 MP) to strengthen
                  | your wands. [potion of mutation]
 38058 | Lair:5   | Gained mutation: You expend magic power (3 MP) to
                  | strengthen your wands. [potion of mutation]
 38058 | Lair:5   | Gained mutation: You are covered in fur. (AC +1) [potion of
                  | mutation]
 38059 | Lair:5   | Lost mutation: You are weak. (Str -2) [potion of mutation]
 38059 | Lair:5   | Lost mutation: You are mostly covered in iridescent scales.
                  | (AC +4) [potion of mutation]
 38059 | Lair:5   | Gained mutation: You have hidden genetic potential. [potion
                  | of mutation]
 38059 | Lair:5   | Gained mutation: Your spells are a little harder to cast,
                  | but a little more powerful. [potion of mutation]
 38059 | Lair:5   | Gained mutation: Your flesh is cold resistant. (rC+)
                  | [potion of mutation]
 38344 | Elf:1    | Found a runed translucent gate.
 38344 | Elf:1    | Found a runed translucent gate.
 38347 | Elf:1    | Found a runed translucent gate.
 38355 | Elf:1    | Noticed Kuwn's ghost (adept MiBe)
 38373 | Elf:1    | Identified the +6 hand axe of Cruel Justice {drain, rPois
                  | rC++ rN++} (Okawaru gifted it to you on level 1 of the
                  | Elven Halls)
 38373 | Elf:1    | Received a gift from Okawaru
 38377 | Elf:1    | Killed Kuwn's ghost
 38587 | Elf:1    | Lost mutation: You are covered in fur. (AC +1) [potion of
                  | mutation]
 38587 | Elf:1    | Lost mutation: You have hidden genetic potential. [potion
                  | of mutation]
 38587 | Elf:1    | Lost mutation: Your flesh is cold resistant. (rC+) [potion
                  | of mutation]
 38587 | Elf:1    | Gained mutation: Your flesh is heat resistant. (rF+)
                  | [potion of mutation]
 38588 | Elf:1    | Lost mutation: You are partially covered in iridescent
                  | scales. (AC +2) [potion of mutation]
 38588 | Elf:1    | Lost mutation: You expend magic power (3 MP) to strengthen
                  | your wands. [potion of mutation]
 38588 | Elf:1    | Lost mutation: You are strong-willed. (Will+) [potion of
                  | mutation]
 38588 | Elf:1    | Gained mutation: Your body sometimes deteriorates upon
                  | taking damage. [potion of mutation]
 38588 | Elf:1    | Gained mutation: You have sharp fingernails. [potion of
                  | mutation]
 38589 | Elf:1    | Lost mutation: Your body sometimes deteriorates upon taking
                  | damage. [potion of mutation]
 38589 | Elf:1    | Lost mutation: Potions are less effective at restoring your
                  | health. [potion of mutation]
 38589 | Elf:1    | Lost mutation: You frequently scream uncontrollably at your
                  | foes. [potion of mutation]
 38589 | Elf:1    | Gained mutation: You are dopey. (Int -2) [potion of
                  | mutation]
 38589 | Elf:1    | Gained mutation: You are partially covered in iridescent
                  | scales. (AC +2) [potion of mutation]
 38590 | Elf:1    | Lost mutation: Your flesh is heat resistant. (rF+) [potion
                  | of mutation]
 38590 | Elf:1    | Gained mutation: You passively map a small area around you.
                  | [potion of mutation]
 38855 | Depths:1 | Entered Level 1 of the Depths
 38948 | Depths:1 | Reached skill level 23 in Fighting
 39233 | Depths:1 | Found a portal to a secret trove of treasure.
 39371 | Depths:1 | Found a runed translucent door.
 39390 | Depths:1 | Noticed Foxy's ghost (adept DgAE)
 39560 | Depths:1 | Found Kuzaz's Assorted Antiques.
 39634 | Depths:1 | Noticed an ancient lich
 39635 | Depths:1 | Found a gateway to a ziggurat.
 39635 | Depths:1 | Noticed a dread lich
 40083 | Depths:1 | Received a gift from Okawaru
 40266 | Depths:1 | Found a sparkling altar of Nemelex Xobeh.
 40414 | Depths:1 | Killed Foxy's ghost
 40425 | Depths:1 | Reached XP level 23. HP: 159/207 MP: 33/33
 40488 | Depths:1 | Got Lehudib's Guide on Confrontation
 40682 | Depths:1 | Killed an ancient lich
 40684 | Depths:1 | Killed a dread lich
 40758 | Depths:2 | Noticed Nikola
 40775 | Depths:2 | Killed Nikola
 40809 | Depths:2 | Received a gift from Okawaru
 40995 | Depths:2 | Found a one-way gate to the infinite horrors of the Abyss.
 41004 | Arena    | Entered the Arena
 41075 | Depths:2 | Identified the +2 plate armour "Biot" {Contam rC+ Int+5
                  | SInv}
 41697 | Depths:2 | Found a one-way gate leading to the halls of Pandemonium.
 42365 | Depths:3 | Found a corrupted altar of Lugonu.
 42493 | Depths:3 | Identified the +10 plate armour of Starshine {Drain +Blink
                  | Will+} (Okawaru gifted it to you on level 3 of the Depths)
 42493 | Depths:3 | Received a gift from Okawaru
 42979 | Depths:3 | Reached skill level 24 in Fighting
 43483 | Depths:3 | Noticed a juggernaut
 43495 | Depths:3 | Killed a juggernaut
 43538 | Depths:3 | Reached XP level 24. HP: 76/217 MP: 33/33
 44170 | Depths:3 | Identified the +6 trident of Spite {elec, rC+}
 45013 | Depths:3 | Noticed a caustic shrike
 45019 | Depths:3 | Killed a caustic shrike
 45056 | Depths:3 | Noticed a caustic shrike
 45063 | Depths:3 | Killed a caustic shrike
 45071 | Depths:3 | Noticed a caustic shrike
 45083 | Depths:3 | Killed a caustic shrike
 45308 | Depths:3 | Noticed a golden dragon
 45323 | Depths:3 | Killed a golden dragon
 45339 | Depths:3 | Identified the +0 tower shield of Intuition {Harm} (Okawaru
                  | gifted it to you on level 3 of the Depths)
 45339 | Depths:3 | Received a gift from Okawaru
 45341 | Depths:3 | You fall into a shaft and drop 1 floor!
 45341 | Depths:4 | Entered Level 4 of the Depths
 45607 | Depths:3 | Identified the +6 long sword of Skirmishing {holy, rF- rN+
                  | Int+4}
 46182 | Depths:4 | Found Zeclongu's Book Emporium.
 46183 | Depths:4 | Found Tisemudu's Jewellery Boutique.
 46191 | Depths:4 | Found Alaosa's Book Emporium.
 46199 | Depths:4 | Bought the macabre finger necklace {rN+} for 840 gold
                  | pieces
 46199 | Depths:4 | Found the macabre finger necklace {rN+}
 46963 | Depths:4 | Found a gate to the Realm of Zot.
 46963 | Depths:4 | Noticed a golden dragon
 46971 | Depths:4 | Killed a golden dragon
 47590 | Vaults:1 | Entered Level 1 of the Vaults
 47601 | Vaults:1 | Reached skill level 25 in Fighting
 47715 | Vaults:1 | Received a gift from Okawaru
 47731 | Vaults:1 | Reached XP level 25. HP: 193/227 MP: 33/33
 47795 | Vaults:1 | Found a magical portal.
 47804 | WizLab   | Entered The Roulette of Golubria
 47804 | WizLab   | Found a transporter.
 48910 | Vaults:2 | Identified the +0 pair of boots "Nashrul" {+Inv} (Okawaru
                  | gifted it to you on level 2 of the Vaults)
 48910 | Vaults:2 | Received a gift from Okawaru
 49186 | Vaults:2 | Found a staircase to the Crypt.
 49186 | Vaults:2 | Found an ancient bone altar of Kikubaaqudgha.
 49186 | Vaults:2 | Found a basalt altar of Yredelemnul.
 49524 | Vaults:2 | Found Hazem's Book Emporium.
 50689 | Vaults:3 | Reached skill level 26 in Fighting
 51995 | Vaults:4 | Lost mutation: You are partially covered in iridescent
                  | scales. (AC +2) [potion of mutation]
 51995 | Vaults:4 | Lost mutation: You do not regenerate when monsters are
                  | visible. [potion of mutation]
 52067 | Vaults:4 | Reached XP level 26. HP: 219/239 MP: 33/33
 52381 | Vaults:4 | Received a gift from Okawaru
 52796 | Vaults:4 | Received a gift from Okawaru
 52898 | Vaults:5 | Entered Level 5 of the Vaults
 52918 | Vaults:5 | Reached skill level 1 in Throwing
 52931 | Vaults:5 | Reached skill level 27 in Fighting
 52931 | Vaults:5 | Identified the ring of Springtime {Wiz Will+ rCorr}
 53234 | Vaults:5 | Reached skill level 10 in Shields
 53238 | Vaults:5 | Received a gift from Okawaru
 53258 | Arena    | Entered the Arena
 53279 | Vaults:5 | Received a gift from Okawaru
 53907 | Vaults:5 | Got a silver rune of Zot
 53937 | Vaults:5 | Identified the ring of Rom Ixi {rPois AC+4}
 53974 | Vaults:5 | Reached skill level 15 in Evocations
 54487 | Vaults:5 | Found Butugg's Book Boutique.
 54612 | Vaults:5 | Got Sif Muna's Almanac of the Captivating Snowflakes
 54931 | Vaults:5 | Received a gift from Okawaru
 54932 | Vaults:5 | Reached XP level 27. HP: 249/249 MP: 33/33
 56267 | Depths:2 | Voluntarily entered the Abyss.
 56267 | Abyss:1  | Found a corrupted altar of Lugonu.
 56297 | Abyss:1  | Identified the +5 ring mail of Weirdness {Str+3}
 56325 | Abyss:1  | Received a gift from Okawaru
 56684 | Abyss:3  | Got an abyssal rune of Zot
 56696 | Depths:2 | Escaped the Abyss
 57016 | Zig:1    | Entered Level 1 of a ziggurat
 57034 | Zig:2    | Entered Level 2 of a ziggurat
 57056 | Zig:3    | Entered Level 3 of a ziggurat
 57056 | Zig:3    | Noticed Nisix the pandemonium lord
 57072 | Zig:3    | Killed Nisix the pandemonium lord
 57092 | Zig:3    | Identified the +2 halberd "Jealylom" {holy, rPois rC+ Str+4
                  | SInv}
 57447 | Zig:4    | Entered Level 4 of a ziggurat
 57472 | Zig:5    | Entered Level 5 of a ziggurat
 57490 | Zig:5    | Reached skill level 5 in Throwing
 57522 | Zig:6    | Entered Level 6 of a ziggurat
 57528 | Zig:6    | Noticed a shard shrike
 57534 | Zig:6    | Killed a shard shrike
 57963 | Zig:7    | Entered Level 7 of a ziggurat
 58001 | Zig:7    | Reached skill level 15 in Dodging
 58476 | Zig:7    | Identified the +11 glaive "Impbane" {drain, rC+ Dex-3 SInv}
 58483 | Zig:7    | Identified the +5 short sword of Chaos {freeze, rF+ Stlth+}
 58508 | Zig:8    | Entered Level 8 of a ziggurat
 58543 | Zig:8    | Identified the amulet of the Middle {Acrobat Harm *Slow
                  | Regen+ Dex-2}
 58554 | Zig:8    | Identified the ring of Noicocs {rElec rPois EV+4 Int+8
                  | Dex-4}
 58556 | Zig:9    | Entered Level 9 of a ziggurat
 58747 | Zig:9    | Reached skill level 15 in Shields
 59060 | Zot:1    | Entered Level 1 of the Realm of Zot
 59408 | Zot:1    | Received a gift from Okawaru
 60863 | Temple   | Fell from the grace of Okawaru
 60863 | Temple   | Became a worshipper of Ashenzari the Shackled
 65254 | Crypt:1  | Entered Level 1 of the Crypt
 65303 | Crypt:1  | Noticed Xtahua
 65320 | Crypt:1  | Killed Xtahua
 66245 | Crypt:1  | Reached * piety under Ashenzari
 66508 | Crypt:2  | Found a huge runed gate.
 66508 | Crypt:2  | Found a huge runed gate.
 66511 | Crypt:2  | Found a huge runed gate.
 66512 | Crypt:2  | Found a huge runed gate.
 66513 | Crypt:2  | Found a huge runed gate.
 66513 | Crypt:2  | Found a huge runed gate.
 66513 | Crypt:2  | Found a huge runed gate.
 66513 | Crypt:2  | Found a huge runed gate.
 66515 | Crypt:2  | Found a huge runed gate.
 66515 | Crypt:2  | Found a huge runed gate.
 66515 | Crypt:2  | Found a huge runed gate.
 66516 | Crypt:2  | Found a huge runed gate.
 66517 | Crypt:2  | Found a huge runed gate.
 66518 | Crypt:2  | Found a huge runed gate.
 66519 | Crypt:2  | Found a huge runed gate.
 66530 | Crypt:2  | Found a huge runed gate.
 66530 | Crypt:2  | Found a huge runed gate.
 66530 | Crypt:2  | Found a huge runed gate.
 66530 | Crypt:2  | Found a huge runed gate.
 66554 | Crypt:2  | Found a huge runed gate.
 66559 | Crypt:2  | Found a huge runed gate.
 66562 | Crypt:2  | Found a huge runed gate.
 66563 | Crypt:2  | Found a huge runed gate.
 66567 | Crypt:2  | Found a huge runed gate.
 66582 | Crypt:2  | Noticed Kucw's ghost (adept GrFi)
 66583 | Crypt:2  | Identified the +9 morningstar "Logiryot" {venom, Dex+6}
 66583 | Crypt:2  | Identified the ring of Winter {Ice rElec Str+4}
 66583 | Crypt:2  | Noticed Paets's ghost (adept GrFi)
 66583 | Crypt:2  | Noticed Woadakig's ghost (veteran FoFi)
 66583 | Crypt:2  | Noticed Zuzeosof's ghost (adept GrFi)
 66583 | Crypt:2  | Noticed Vailuoroe's ghost (veteran GrEE)
 66583 | Crypt:2  | Noticed Kucw's ghost (adept GrFi)
 66586 | Crypt:2  | Noticed Zuzeosof's ghost (adept GrFi)
 66606 | Crypt:2  | Killed Vailuoroe's ghost
 66608 | Crypt:2  | Killed Woadakig's ghost
 66618 | Crypt:2  | HP: 10/249 [Zuzeosof's ghost (17)]
 66620 | Crypt:2  | Killed Paets's ghost
 66624 | Crypt:2  | Killed Kucw's ghost
 66624 | Crypt:2  | HP: 9/249 [Zuzeosof's ghost (12)]
 66624 | Crypt:2  | Slain by Zuzeosof's ghost

Illustrated notes

Levels and vault maps discovered:
D:1:      giann_forest_graveyard, layout_basic
D:2:      layout_basic, basic_altar, ebering_ecumenical_altar_abandoned,
          uniq_robin
D:3:      layout_loops_ring, kennysheep_vampire_church, uniq_crazy_yiuf_cottage
D:4:      layout_loops_corners, minmay_close_crescents
D:5:      layout_gridville, nicolae_uskayaw_dance_hall,
          mainiacjoe_overflow_catwalk, nicolae_overflow_hidden_temple,
          nicolae_ru_the_path_less_chosen, minmay_temple_entry_trees,
          kennysheep_windowed_goal
D:6:      layout_cave_pools
D:7:      layout_rooms, grunt_gozag_statues, uniq_harold, uniq_maggie
D:8:      layout_loops_ring, grunt_dithmenos_smoke
D:9:      layout_cave_pods
D:10:     layout_loops_ring, kennysheep_orc_sif_temple, dpeg_lair_monsters
D:11:     layout_loops_ring, minivault_21, uniq_erica
D:12:     layout_loops_ring
D:13:     minmay_chambers_of_sevens, layout_irregular_city, uniq_frances
D:14:     layout_roguey, lightli_vaults_fourway_checkpoint, special_room
          [special_room_orc], infiniplex_staircase_split_hallway,
          minmay_ruined_shrine
D:15:     gammafunk_depths_entry_grave, layout_loops_ring, serial_shops, shop,
          yredelemnul_altar_generic
Temple:   eino_temple_water
Lair:1:   layout_chaotic_city, grunt_megastairs_5, uniq_nergalle
Lair:2:   layout_cellular_growth, skrybe_swamp_entry_bodies,
          gammafunk_ghost_wrathful_warriors
Lair:3:   minmay_lair_oklob_chamber, layout_regular_city,
          infiniplex_staircase_pool, lemuel_fruit_tree
Lair:4:   layout_loops_ring, nicolae_spider_entry_tight_spaces,
          serial_bayou_shore_b
Lair:5:   layout_cellular_growth, nicolae_slime_entry_slimehenge,
          lemuel_fruit_fields, grunt_megastairs_4
Lair:6:   evil_forest, layout_concentric_octagons, infiniplex_staircase_pool_2,
          uniq_sonja
Swamp:1:  layout_basic_swamp, evilmike_swamp_ruin_house_5, uniq_donald
Swamp:2:  layout_basic_swamp, evilmike_swamp_ruin_rubble_1
Swamp:3:  layout_basic_swamp, evilmike_swamp_ruin_wall, swamp_pool2
Swamp:4:  swamp_basic_johnstein, layout_basic_swamp
Spider:1: layout_spider_delve, uniq_josephine
Spider:2: layout_spider_delve, ebering_ghost_disaster_area,
          hangedman_spider_mandibles, uniq_mlioglotl
Spider:3: layout_chambers, drop_trap, nicolae_spider_circle_web, uniq_arachne
Spider:4: guppyfry_spider_rune, nicolae_spider_baby_got_redback
Slime:1:  layout_caves
Slime:2:  layout_caves
Slime:3:  cheibrodos_slime_lost_civilization_9, layout_caves, uniq_dissolution
Slime:4:  layout_caves
Slime:5
Orc:1:    layout_caves, basic_altar, uniq_gastronok, uniq_snorg
Orc:2:    kennysheep_orc_mage_school, layout_diamond_mine, basic_altar
Elf:1:    nicolae_elf_arrival_aired_out, layout_rooms,
          ploomutoo_gammafunk_ghost_potion_laboratory, serial_shops, shop, shop,
          nicolae_shop_temple_entry_statues_fountains, shop_coins,
          nicolae_shop_crystal, minmay_elf_sorcery, minivault_19
Elf:2:    elven_hall_of_blades_hangedman_alternative [grunt_blade_entry_basic],
          layout_gridlike, serial_shops, nicolae_shop_stone,
          nicolae_square_shop, shop, serial_glass, glass_columns_a,
          glass_columns_c, minmay_strange_pillars, item_on_display_a,
          minmay_strange_pillars
Elf:3:    elf_hall_gauntlet_wide, layout_onion_city, st_stairs_14, uniq_asterion
Vaults:1: mu_enter_wizlab_5, nicolae_vaults_little_squares_5,
          nicolae_vaults_diagonal_hallway_7, hangedman_vaults_hat, v_misc_19,
          hangedman_vaults_nodes, ontoclasm_vaults_claustrophobia,
          layout_vaults_maze_bifur
Vaults:2: nicolae_vaults_little_ls, v_alt_pattern_4,
          minmay_crypt_entry_necro_gods, vaults_dpeg_diagonal,
          nicolae_vaults_ring_of_whatevers, v_pattern_1, v_alt_pattern_5,
          v_alt_pattern_2, nicolae_vaults_little_squares_1, grunt_vaults_focal,
          layout_vaults_big_cross, serial_shops, shop
Vaults:3: hangedman_vaults_impose, vaults_room_stairs_pillars,
          hangedman_vaults_impose, vaults_room_large_hall,
          nicolae_vaults_shelves_hall, ontoclasm_vaults_twist,
          layout_vaults_omnigrid
Vaults:4: nicolae_vaults_meeting, ontoclasm_vaults_pinch,
          hangedman_vaults_stagger, serial_ice_m, v_misc_27, vaults_room_boxed,
          nicolae_vaults_network_s, vaults_mumra_chevron_long, v_misc_2,
          grunt_vaults_hallway_short, ontoclasm_vaults_idyll, serial_ice_h,
          vaults_room_stairs_pillars, grunt_vaults_funnel, layout_vaults_omnibox
Vaults:5: serial_shops
Crypt:1:  dreamdust_cat_pyramid, layout_misc_corridors,
          amcnicky_mini_pool_small, grunt_crypt_arrival_split,
          grunt_megastairs_2, uniq_xtahua
Crypt:2:  layout_rooms, gammafunk_ghost_door_vault
Depths:1: layout_gridville, enter_ziggurat_c, serial_shops, shop_statue,
          nicolae_trove_entry_crystal, grunt_mini_vestibule,
          nemelex_spade_bored_becter, muffindrake_ghost_dead_mans_drink,
          fake_guardian_serpent_vault
Depths:2: grunt_double_whammy, layout_cave_pools, pf_coc_iceberg,
          corexii_hall_statues_l, pan_entry, abyss_entry, serial_bayou_shore_a,
          infiniplex_staircase_spiral, uniq_nikola
Depths:3: grunt_twisty_corner, layout_basic, hell_entry,
          abyss_entry_flame_altar, uniq_margery
Depths:4: grunt_twist_and_shout, layout_cave_pools, hangedman_geh_valley,
          minmay_misc_feat_roman, dk_noncrumbling_2, minmay_shop_grove
Zot:1:    layout_basic, zot_minivault_7
Zot:2:    kennysheep_bubbly, layout_misc_corridors
Zot:3:    layout_basic, nicolae_lava_and_water
Zot:4:    layout_twisted_circle

Skill      XL: |  1  2  3  4  5  6  7  8  9 10 11 12 13 14 15 16 17 18 19 20 21 22 23 24 25 26 27 |
---------------+----------------------------------------------------------------------------------+-----
Armour         | 4 5 6 7 8 9 10 11 13 14 15 16 17 24 | 24.1
Axes           | 3 4 5 6 7 8 10 12 13 14 16 17 18 19 20 21 22 23 24 | 24.0
Fighting       | 4 5 6 7 9 11 12 14 15 16 18 19 21 22 23 24 25 26 27 | 27.0
Invocations    | 1 3 5 6 8 9 10 12 13 | 13.6
Shields        | 4 5 6 7 9 10 15 | 15.0
Dodging        | 2 4 6 7 8 9 10 11 12 13 14 16 | 16.5
Evocations     | 1 4 6 8 9 10 11 12 13 14 15 16 | 16.0
Throwing       | 4 5 |  5.1
Maces & Flails | |  0.4
Necromancy     | |  0.3

Action                   |  1- 3 |  4- 6 |  7- 9 | 10-12 | 13-15 | 16-18 | 19-21 | 22-24 | 25-27 || total
-------------------------+-------+-------+-------+-------+-------+-------+-------+-------+-------++-------
Melee: War axe           |    65 |   133 |   202 |    60 |       |       |       |       |       ||   460
       Battleaxe         |       |       |       |   414 |     3 |       |       |       |    69 ||   486
       Broad axe         |       |       |       |       |   591 |   862 |   945 |       |   111 ||  2509
       Executioner's axe |       |       |       |       |       |       |   120 |   785 |  1349 ||  2254
       Maul              |       |       |       |       |       |       |       |       |     7 ||     7
Throw: Throwing net      |       |       |       |     1 |       |       |       |       |       ||     1
Invok: Heroism           |       |       |     3 |    12 |    14 |    14 |     7 |    15 |    10 ||    75
       Finesse           |       |       |       |     2 |     1 |     1 |       |     1 |     4 ||     9
       Duel              |       |       |       |       |       |     2 |       |     2 |     1 ||     5
       Curse Item        |       |       |       |       |       |       |       |       |     2 ||     2
 Abil: Dig               |       |       |       |     1 |     2 |       |     1 |     1 |       ||     5
Evoke: Wand              |       |       |     3 |     3 |     1 |    10 |    16 |    25 |     5 ||    63
  Use: Scroll            |       |     3 |     8 |     6 |     9 |     3 |    12 |     1 |     5 ||    47
       Potion            |       |       |     1 |    15 |     7 |     3 |     2 |    18 |    21 ||    67
 Stab: Held in net/web   |       |       |       |     1 |       |       |     1 |       |       ||     2
       Invisible         |       |       |       |       |       |       |       |       |    19 ||    19
Armor: Scale mail        |    29 |    91 |    94 |     5 |       |       |       |       |       ||   219
       Swamp dragon scal |       |       |       |   167 |       |       |       |       |       ||   167
       Plate armour      |       |       |       |    11 |   313 |   498 |   880 |   565 |  1055 ||  3322
Dodge: Dodged            |    30 |    67 |   108 |   200 |   192 |   245 |   521 |   294 |   559 ||  2216
Block: Buckler           |    25 |    34 |    56 |   118 |       |       |       |       |       ||   233
       Kite shield       |       |       |       |    29 |   348 |   437 |   658 |   384 |   460 ||  2316
       Reflection        |       |       |       |       |       |    14 |     1 |       |       ||    15
       Tower shield      |       |       |       |       |       |       |       |       |   635 ||   635

Table legend: (Time is in decaauts)
 A = Elapsed time spent in this place.
 B = Non-inter-level travel time spent in this place.
 C = Inter-level travel time spent in this place.
 D = Time resting spent in this place.
 E = Time spent auto-exploring this place.
 F = Levels seen in this place.
 G = Mean time per level.
                   A        B        C        D        E       F      G
               +--------+--------+--------+--------+--------+-----+--------+
         Total |  65633 |  60606 |   5027 |  10391 |  36796 |  73 |  899.1 |
       Dungeon |  19318 |  17248 |   2070 |   3159 |  10978 |  15 | 1287.9 |
        Temple |    275 |    185 |     90 |      0 |    166 |   1 |  275.0 |
          Lair |   5347 |   4806 |    541 |     18 |   3690 |   6 |  891.2 |
         Swamp |   2485 |   2320 |    165 |      0 |   1605 |   4 |  621.2 |
   Spider Nest |   3685 |   3553 |    132 |    161 |   2634 |   4 |  921.2 |
    Slime Pits |   2298 |   2150 |    148 |    320 |   1187 |   5 |  459.6 |
  Orcish Mines |   1768 |   1560 |    208 |    100 |   1037 |   2 |  884.0 |
   Elven Halls |   4426 |   4088 |    338 |    288 |   2238 |   3 | 1475.3 |
        Vaults |   7936 |   7523 |    413 |   1317 |   4760 |   5 | 1587.2 |
         Crypt |   1306 |   1284 |     22 |    129 |    791 |   2 |  653.0 |
        Depths |   9377 |   8751 |    626 |   2270 |   4798 |   4 | 2344.2 |
           Zot |   5124 |   4851 |    273 |   1255 |   2726 |   4 | 1281.0 |
         Abyss |    406 |    406 |      0 |      0 |    184 |   3 |  135.3 |
      Ziggurat |   1681 |   1681 |      0 |   1270 |      0 |   9 |  186.8 |
        Wizlab |     90 |     90 |      0 |     86 |      0 |   1 |   90.0 |
         Arena |    105 |    105 |      0 |     18 |      0 |   5 |   21.0 |
               +--------+--------+--------+--------+--------+-----+--------+

Top non-repeatable levels by time:
Depths:2: 2909 daAuts
Depths:3: 2901 daAuts
    D:10: 2531 daAuts
Vaults:4: 2202 daAuts
Depths:1: 2136 daAuts
   Zot:1: 1996 daAuts
Vaults:5: 1834 daAuts
   Zot:3: 1642 daAuts
    D:11: 1583 daAuts
   Elf:1: 1553 daAuts
    D:13: 1535 daAuts
     D:7: 1515 daAuts
   Zot:2: 1482 daAuts
   Elf:3: 1471 daAuts
     D:9: 1454 daAuts
